Map: 匹昂台地

Players

iGiA (iAsonu)

  • Race: Protoss Protoss
  • League: Master

Cloudy

  • Race: Protoss Protoss
  • League: Master

三族统领随机娜 - Winner!

  • Race: Terran Terran
  • League: Master

iGXY (XY) - Winner!

  • Race: Terran Terran
  • League: Master

Event: GPL 2015 - Grand Finals

VOD

Have the link to the VOD?

Description

Time

  • Played on: Jan. 17, 2016, 10:16 a.m.
  • Length: 11:33

All games in this series

Show
View Real Time Build Order
Export as new Build Order

iGiA Protoss 

Build Orders: 1 Gate Expand 

Get SALT Encoding   

  12  0:01  Probe (Chrono Boost)  
  13  0:11  Probe (Chrono Boost)  
  14  0:17  Pylon  
  14  0:22  Probe (Chrono Boost)  
  15  0:35  Probe (Chrono Boost)  
  16  0:37  Gateway  
  16  0:40  Assimilator  
  16  0:46  Probe (Chrono Boost)  
  17  0:56  Probe (Chrono Boost)  
  18  1:07  Probe (Chrono Boost)  
  19  1:21  Nexus  
  19  1:31  Cybernetics Core  
  19  1:34  Zealot  
  21  1:42  Probe (Chrono Boost)  
  22  1:48  Pylon  
  22  1:53  Assimilator  
  22  1:58  Probe (Chrono Boost)  
  23  2:09  Mothership Core (Chrono Boost)  
  25  2:27  Adept  
  25  2:31  Probe (Chrono Boost)  
  27  2:38  Warp Gate  
  27  2:39  Probe (Chrono Boost)  
  28  2:50  Adept  
  26  2:53  Probe (Chrono Boost)  
  26  2:54  Probe (Chrono Boost)  
  29  3:04  Probe (Chrono Boost)  
  29  3:05  Stargate  
  31  3:07  Probe (Chrono Boost)  
  31  3:14  Probe (Chrono Boost)  
  31  3:19  Probe (Chrono Boost)  
  33  3:22  Pylon  
  33  3:25  Probe (Chrono Boost)  
  34  3:30  Adept  
  34  3:33  Probe (Chrono Boost)  
  37  3:34  Pylon  
  37  3:35  Probe (Chrono Boost)  
  37  3:39  Pylon  
  37  3:45  Probe (Chrono Boost)  
  38  4:00  Phoenix  
  33  4:03  Mothership Core (Chrono Boost)  
  33  4:05  Probe (Chrono Boost)  
  36  4:17  Probe (Chrono Boost)  
  36  4:22  Probe (Chrono Boost), Phoenix  
  36  4:23  Gateway  
  37  4:29  Probe (Chrono Boost)  
  40  4:35  Gateway  
  40  4:37  Probe (Chrono Boost)  
  41  4:41  Probe (Chrono Boost)  
  42  4:47  Probe (Chrono Boost)  
  47  4:53  Probe (Chrono Boost)  
  47  4:59  Robotics Facility  
  47  5:02  Probe (Chrono Boost)  
  47  5:05  Probe (Chrono Boost)  
  49  5:08  Stalker  
  49  5:12  Probe (Chrono Boost)  
  49  5:14  Phoenix  
  52  5:17  Probe (Chrono Boost)  
  52  5:23  Probe (Chrono Boost)  
  52  5:24  Assimilator  
  54  5:29  Probe (Chrono Boost), Assimilator  
  54  5:33  Probe (Chrono Boost)  
  55  5:40  Adept, Phoenix  
  55  5:41  Adept x2  
  55  5:42  Probe (Chrono Boost)  
  62  5:46  Probe (Chrono Boost)  
  65  5:52  Pylon  
  65  5:54  Probe (Chrono Boost)  
  65  5:55  Pylon  
  67  5:57  Observer, Probe (Chrono Boost)  
  68  6:06  Probe (Chrono Boost)  
  68  6:07  Probe (Chrono Boost)  
  70  6:12  Nexus  
  70  6:18  Observer  
  70  6:19  Twilight Council  
  70  6:20  Pylon  
  70  6:22  Probe (Chrono Boost)  
  70  6:23  Probe (Chrono Boost)  
  73  6:28  Forge  
  73  6:38  Phoenix  
  73  6:44  Adept, Resonating Glaives  
  73  6:45  Adept  
  79  6:48  Probe (Chrono Boost)  
  79  6:49  Probe (Chrono Boost)  
  79  6:51  Adept  
  83  6:55  Pylon  
  83  7:00  Protoss Ground Armor Level 1  
  83  7:07  Adept x2  
  85  7:09  Probe (Chrono Boost)  
  85  7:10  Probe (Chrono Boost)  
  85  7:14  Pylon  
  85  7:20  Gateway  
  85  7:23  Gateway  
  85  7:31  Probe (Chrono Boost)  
  85  7:33  Adept x2  
  85  7:35  Gateway  
  85  7:36  Probe (Chrono Boost)  
  91  7:39  Probe (Chrono Boost)  
  92  7:44  Probe (Chrono Boost)  
  92  7:45  Pylon  
  92  7:49  Probe (Chrono Boost)  
  92  7:50  Adept  
  96  7:53  Probe (Chrono Boost)  
  96  7:57  Adept, Pylon x2  
  98  8:00  Observer, Pylon  
  99  8:12  Probe x2 (Chrono Boost)  
  101  8:13  Gateway  
  101  8:15  Gateway  
  101  8:19  Probe (Chrono Boost)  
  102  8:21  Assimilator  
  102  8:23  Pylon  
  102  8:24  Probe (Chrono Boost), Assimilator  
  97  8:27  Adept x3  
  97  8:35  Warp Prism  
  97  8:38  Pylon  
  99  8:46  Adept x2  
  94  8:48  Adept x3  
  94  8:49  Adept  
  94  8:52  Phoenix  
  94  8:53  Probe (Chrono Boost)  
  104  9:09  Adept  
  106  9:10  Adept x2  
  106  9:11  Adept x3  
  106  9:12  Adept x2  
  120  9:17  Observer  
  120  9:22  Pylon  
  113  9:31  Adept x2  
  113  9:32  Adept x2  
  113  9:33  Adept x2  
  117  9:44  Probe x2 (Chrono Boost)  
  117  9:45  Adept  
  117  9:46  Adept x2  
  116  10:02  Adept x4  
  110  10:29  Pylon  
  110  10:31  Mothership Core (Chrono Boost), Pylon  
  110  10:32  Adept x5  
  110  10:33  Adept x2  
  110  10:35  Pylon  
  124  10:37  Phoenix  
  124  10:40  Gateway, Templar Archives  
  126  10:50  Gateway  
  124  10:58  Stalker x4, Phoenix  
  124  11:02  Stalker x2  
  125  11:06  Adept  
  125  11:11  Adept  
Show
View Real Time Build Order
Export as new Build Order

Cloudy Protoss 

Build Orders:  

Get SALT Encoding   

  12  0:00  SCV  
  13  0:13  SCV  
  14  0:17  Supply Depot  
  14  0:25  SCV  
  15  0:40  SCV  
  15  0:41  Barracks  
  16  0:46  Refinery  
  16  0:52  SCV  
  17  0:57  Refinery  
  17  1:04  SCV  
  18  1:16  SCV  
  19  1:28  Reaper, Orbital Command  
  20  1:40  Supply Depot  
  20  1:47  Factory  
  20  1:54  SCV  
  21  2:00  Reaper  
  22  2:06  SCV  
  23  2:18  SCV  
  24  2:25  Command Center  
  24  2:30  SCV, Factory Tech Lab  
  24  2:32  Reaper  
  26  2:42  SCV  
  27  2:50  Cyclone, Supply Depot  
  30  2:54  SCV  
  31  3:02  Barracks  
  31  3:11  SCV  
  32  3:18  Barracks  
  32  3:23  SCV  
  32  3:25  Barracks  
  33  3:35  SCV  
  33  3:37  Orbital Command  
  34  3:48  SCV  
  35  4:00  SCV  
  34  4:03  SCV  
  34  4:05  Factory Reactor  
  35  4:12  SCV  
  35  4:13  Marine  
  35  4:14  Barracks Tech Lab, Stimpack  
  35  4:16  SCV  
  38  4:18  Bunker  
  38  4:23  Marine  
  37  4:24  SCV  
  37  4:26  Starport  
  37  4:28  SCV  
  37  4:31  Supply Depot  
  38  4:32  Marine x2  
  38  4:33  Combat Shields  
  38  4:36  SCV  
  41  4:40  SCV  
  41  4:48  Marine x2, Factory Reactor, SCV  
  41  4:50  Engineering Bay  
  41  4:52  SCV  
  45  4:53  Refinery  
  45  4:57  Supply Depot  
  45  5:00  SCV  
  45  5:01  Marine  
  45  5:02  Marine  
  45  5:04  SCV  
  45  5:06  Marine  
  50  5:08  Marine  
  50  5:12  Supply Depot, SCV  
  52  5:16  SCV  
  52  5:19  Marine x2  
  56  5:24  Widow Mine x2, SCV  
  56  5:25  Medivac  
  56  5:27  Missile Turret  
  56  5:28  Missile Turret  
  63  5:30  Terran Infantry Weapons Level 1  
  63  5:31  SCV  
  63  5:34  Marine  
  65  5:36  SCV  
  65  5:37  Marine x2  
  65  5:38  Refinery, Marine  
  69  5:46  SCV  
  69  5:50  SCV  
  69  5:51  Marine  
  69  5:54  Marine  
  69  5:55  Marine  
  69  5:56  Marine  
  74  6:02  Factory Reactor  
  74  6:04  Medivac  
  74  6:05  Medivac  
  74  6:09  Supply Depot  
  78  6:12  Command Center  
  78  6:14  Supply Depot  
  78  6:15  Supply Depot  
  78  6:27  Supply Depot  
  78  6:30  SCV, Marine x2  
  78  6:32  Barracks  
  81  6:33  Barracks  
  81  6:35  SCV  
  81  6:36  Marine, Marauder  
  81  6:41  Widow Mine x2  
  81  6:43  SCV  
  81  6:45  Medivac  
  88  6:48  Marine  
  88  6:49  Medivac  
  88  6:53  Marine  
  92  6:58  Marine, Marauder  
  92  6:59  SCV x2  
  95  7:06  Marauder  
  95  7:09  Widow Mine x2  
  95  7:10  Marine  
  95  7:11  SCV x2  
  102  7:16  Supply Depot  
  102  7:17  Marine  
  102  7:19  Barracks Tech Lab, Marauder  
  102  7:20  Barracks Reactor  
  105  7:24  Terran Infantry Armor Level 1  
  105  7:27  Marine  
  105  7:29  SCV x2  
  108  7:35  Marine  
  109  7:38  Widow Mine x2  
  109  7:42  Marine  
  118  7:45  Marine  
  118  7:46  Medivac x2  
  118  7:48  SCV  
  118  7:49  Supply Depot, SCV  
  118  7:51  Orbital Command  
  120  8:09  Marine x4, Marauder x3  
  130  8:13  Refinery  
  130  8:14  Widow Mine x2  
  135  8:20  Armory  
  135  8:23  Engineering Bay  
  130  8:27  Marine x3  
  130  8:31  Marauder  
  130  8:34  Marine, Marauder x2  
  135  8:36  Medivac x2  
  140  8:45  Marine x3, SCV  
  128  8:52  Marine, Marauder  
  132  8:55  Marauder x2  
  132  8:58  Command Center  
  128  9:03  Marine x3  
  128  9:05  Barracks  
  128  9:06  Barracks  
  128  9:07  SCV x2  
  128  9:08  Widow Mine x2  
  137  9:13  Supply Depot x2, Marauder  
  137  9:17  Marauder  
  140  9:28  Supply Depot, Liberator  
  140  9:29  Liberator  
  139  9:32  Marine  
  139  9:35  Supply Depot, Marauder  
  139  9:38  Marauder  
  143  9:40  Marine  
  143  9:44  Widow Mine x2  
  145  9:50  Marauder  
  148  9:56  Marauder  
  148  9:59  Marauder  
  149  10:01  Marine x3  
  149  10:02  Marine x2  
  148  10:14  Marauder  
  148  10:17  Marauder  
  148  10:19  Marine x4  
  148  10:20  Widow Mine x2  
  148  10:21  Marauder  
  156  10:34  Orbital Command  
  156  10:35  Barracks x2, Marauder  
  158  10:37  Marine x4  
  158  10:39  Marauder  
  158  10:42  Marauder  
  166  10:45  SCV x2  
  168  10:54  Marine  
  168  10:55  Marine x3  
  168  10:56  Marauder  
  172  11:00  Marine  
  172  11:03  Marine  
  168  11:06  Marine x2  
  164  11:12  Marine x2  
  164  11:13  SCV, Marine x2  
Show
View Real Time Build Order
Export as new Build Order

三族统领随机娜 Terran - Winner!

Build Orders:  

Get SALT Encoding   

Show
View Real Time Build Order
Export as new Build Order

iGXY Terran - Winner!

Build Orders:  

Get SALT Encoding   

Tags
 
Add a new tag
Caveats
  • Supply blocks, unpowered buildings, or Contaminate may cause inaccurate times.
  • Supply counts are checked every 10 seconds.